Workbook

Sheet Inschrijfbiljet
A1: Inschrijfformulieren provincie Noord-Brabant
A2: Inspanningsgericht onderhoud E&W-installaties
A4: De hierna te noemen inschrijver
A5: gevestigd te
B7: verklaart zich door ondertekening van dit inschrijvingsbiljet bereid tot het inspanningsgericht onderhoud E&W-installaties van het provincie Noord-Brabant te 's-Hertogenbosch conform Beschrijvend document met casenummer: C2364293
B11: en overeenkomstig de Nota('s) van inlichtingen, resp. Staten van Aanvulling en Wijzigingen.
A14: in het 1e contractjaar (2026) aan te nemen voor de volgende bedragen en verrekenprijzen:
B16: Kosten preventief OH | H16: ='Verzamelblad per gebouw'!Y11 -> 0
B17: Kosten beheer + aanwezigheid + energie-auditrapportage | H17: ='Verzamelblad per gebouw'!Z11+'Verzamelblad per gebouw'!AA11+'Verzamelblad per gebouw'!AB11 -> 0
B18: Totaal inschrijving | H18: =SUM(H16:H17) -> 0
B20: Inschrijving (op basis van berekening vanuit calculatieschema B) | H20: =Rekenblad!D4 -> 0
B21: Inschrijving (op basis van berekening vanuit calculatieschema proj. C) | H21: =Rekenblad!D5 -> 0
B22: Totaal 'gewogen' inschrijving | H22: =Rekenblad!D7 -> 0
A25: De bedragen zijn exclusief btw met prijspeil 2026
A28: Voorts verklaart de inschrijver dat de door hem ingevulde en onderstaand vermelde bijlagen
A29: deel uitmaken van dit inschrijvingsbiljet:
B31: - bijlage A Inventaris | F31: - bijlage C calc. schema proj
B32: - bijlage B cac. schema | F32: - bijlage D voorst. subco.
A35: Gedaan te | G35: datum:
A37: De inschrijver,
A39: Handtekening: | H39: Firmastempel:

Sheet Verzamelblad per gebouw
B1: =Inschrijfbiljet!A1 -> Inschrijfformulieren provincie Noord-Brabant
G3: 0 | H3: 51 | I3: 52 | J3: 53 | K3: 54 | L3: 55 | M3: 56 | N3: 57 | O3: 59 | P3: 61 | Q3: 62 | R3: 63 | S3: 64 | T3: 65
A4: Naam | B4: Straat naam + nr. | C4: Postcode | D4: Stad | E4: Circa (m2), BVO | F4: in inventaris | G4: Algemeen | H4: Warmteopwekking | I4: Afvoeren | J4: Water | K4: Gassen | L4: Koude-opwekking en distributie | M4: Warmtedistributie | N4: Luchtbehandeling | O4: Brandveiligheid | P4: Centrale elektrotechnische voorzieningen | Q4: Krachtstroom | R4: Verlichting | S4: Communicatie | T4: Beveiliging | Y4: Totaal preventief onderhoud | Z4: Beheer (zoals omschreven in paragraaf 3.3 en 3.4 van het onderhoudsbestek) | AA4: Extra kosten fysieke aanwezigheid | AB4: Kosten opstellen Energie-audit-rapport
A5: Provinciehuis (hoofdgebouw) | B5: Brabantlaan 1 | C5: 5216TV | D5: 's-Hertogenbosch | E5: 43300 | F5: Ja | G5: =Draaitabel!C5 -> 0 | H5: =Draaitabel!D5 -> 0 | I5: =Draaitabel!E5 -> 0 | J5: =Draaitabel!F5 -> 0 | K5: =Draaitabel!G5 -> 0 | L5: =Draaitabel!H5 -> 0 | M5: =Draaitabel!I5 -> 0 | N5: =Draaitabel!J5 -> 0 | ... T5: =Draaitabel!P5 -> 0 | Y5: =SUM(G5:X5) -> 0
A6: Provinciehuis (N-gebouw) | B6: Brabantlaan 3 | C6: 5216TV | D6: 's-Hertogenbosch | E6: 6000 | F6: Ja | H6: =Draaitabel!D6 -> 0 | J6: =Draaitabel!F6 -> 0 | L6: =Draaitabel!H6 -> 0 | M6: =Draaitabel!I6 -> 0 | N6: =Draaitabel!J6 -> 0 | O6: =Draaitabel!K6 -> 0 | P6: =Draaitabel!L6 -> 0 | Q6: =Draaitabel!M6 -> 0 | R6: =Draaitabel!N6 -> 0 | S6: =Draaitabel!O6 -> 0 | T6: =Draaitabel!P6 -> 0 | Y6: =SUM(G6:X6) -> 0
A7: Museumkwartier (Het Noordbrabants Museum) | B7: Verwersstraat 41 | C7: 5211HT | D7: 's-Hertogenbosch | E7: 5785 | F7: Ja | H7: =Draaitabel!D7 -> 0 | I7: =Draaitabel!E7 -> 0 | J7: =Draaitabel!F7 -> 0 | L7: =Draaitabel!H7 -> 0 | M7: =Draaitabel!I7 -> 0 | N7: =Draaitabel!J7 -> 0 | O7: =Draaitabel!K7 -> 0 | P7: =Draaitabel!L7 -> 0 | T7: =Draaitabel!P7 -> 0 | Y7: =SUM(G7:X7) -> 0
A8: Museumkwartier (Griffie) | B8: Waterstraat 16 | C8: 5211HV | D8: 's-Hertogenbosch | E8: 5465 | F8: Ja | H8: =Draaitabel!D8 -> 0 | J8: =Draaitabel!F8 -> 0 | L8: =Draaitabel!H8 -> 0 | M8: =Draaitabel!I8 -> 0 | N8: =Draaitabel!J8 -> 0 | P8: =Draaitabel!L8 -> 0 | T8: =Draaitabel!P8 -> 0 | Y8: =SUM(G8:X8) -> 0
A9: Museumkwartier (Design Museum) | B9: De Mortel 4 | C9: 5211HV | D9: 's-Hertogenbosch | E9: 4125 | F9: Ja | I9: =Draaitabel!E9 -> 0 | J9: =Draaitabel!F9 -> 0 | L9: =Draaitabel!H9 -> 0 | M9: =Draaitabel!I9 -> 0 | N9: =Draaitabel!J9 -> 0 | P9: =Draaitabel!L9 -> 0 | T9: =Draaitabel!P9 -> 0 | Y9: =SUM(G9:X9) -> 0
A11: in het 1e contractjaar (2026) aan te nemen voor de volgende bedragen en verrekenprijzen: | F11: Totalen | G11: =SUM(G5:G9) -> 0 | H11: =SUM(H5:H9) -> 0 | I11: =SUM(I5:I9) -> 0 | J11: =SUM(J5:J9) -> 0 | K11: =SUM(K5:K9) -> 0 | L11: =SUM(L5:L9) -> 0 | M11: =SUM(M5:M9) -> 0 | N11: =SUM(N5:N9) -> 0 | ... AB11: =SUM(AB5:AB9) -> 0
B14: Gedaan te | C14: =Inschrijfbiljet!D35 -> 0 | Y14: =Inschrijfbiljet!H35 -> 0
B16: De inschrijver, | C16: =Inschrijfbiljet!D37 -> 0
B19: Handtekening:

Sheet A Inventaris
A1: ID | B1: Type vastgoed | C1: Gebouwnaam | D1: Adres | E1: Plaats | F1: Bouwlaag / Component locatie | G1: Hoofdelementomschrijving | H1: Hoofdelement- code | I1: Subelement- code | J1: Subelementomschrijving | K1: Component omschrijving | L1: Component fabrikant | M1: Component type | N1: Component capaciteit | O1: Component aantal | P1: Eenheid | Q1: Component bouwjaar | R1: Vigerende regelgeving | S1: Aanvullende info. | T1: kosten prev OH | U1: Conditie | V1: Conditie gewenst | W1: Conditie aanvang contract 2015 | X1: Conditie score kaart aanwezig
A2: 51.11.001 | B2: Kantoor | C2: Griffie | D2: Waterstraat 16 | E2: s-Hertogenbosch | F2: 2e verdieping - Griffie- Waterstraat / W-R2.01 Ketelhuis | G2: Warmteopwekking | H2: 51 | I2: 51.11 | J2: warmte-opwekking, lokaal | K2: Atm.gasketel | L2: Remeha | M2: Gas 610 eco 2x 7 leden | N2: 896 kW | O2: 1 | P2: st | Q2: 2010 | S2: Mach.nr 1015909201901/02
A3: 51.11.002 | B3: Bijeenkomst | C3: Het Noordbrabants Museum | D3: Verwersstraat 41 | E3: s-Hertogenbosch | F3: 1e verdieping / Ketelhuis | G3: Warmteopwekking | H3: 51 | I3: 51.11 | J3: warmte-opwekking, lokaal | K3: Atm.gasketel 1 | L3: Remeha | M3: gas 310 eco 7 leden | N3: 427 kW | O3: 1 | P3: st | Q3: 2011 | S3: Mach.nr. 1129403202800
A4: 51.11.003 | B4: Bijeenkomst | C4: Het Noordbrabants Museum | D4: Verwersstraat 41 | E4: s-Hertogenbosch | F4: 2e verdieping - Paleis / P.2.10 TR | G4: Warmteopwekking | H4: 51 | I4: 51.11 | J4: warmte-opwekking, lokaal | K4: Atm.gasketel 1 | L4: Remeha | M4: gas 310 eco, 5 leden | N4: 269 kW | O4: 1 | P4: st | Q4: 2011 | S4: Mach.nr 1124402802600
A5: 51.11.004 | B5: Bijeenkomst | C5: Het Noordbrabants Museum | D5: Verwersstraat 41 | E5: s-Hertogenbosch | F5: 2e verdieping - Paleis / P.2.10 TR | G5: Warmteopwekking | H5: 51 | I5: 51.11 | J5: warmte-opwekking, lokaal | K5: Atm.gasketel 2 | L5: Remeha | M5: gas 310 eco, 5 leden | N5: 269 kW | O5: 1 | P5: st | Q5: 2011 | S5: Mach.nr 1124402802590
A6: 51.11.005 | B6: Bijeenkomst | C6: Het Noordbrabants Museum | D6: Verwersstraat 41 | E6: s-Hertogenbosch | F6: 1e verdieping / Ketelhuis | G6: Warmteopwekking | H6: 51 | I6: 51.11 | J6: warmte-opwekking, lokaal | K6: Atm.gasketel 2 | L6: Remeha | M6: gas 310 eco, 8 leden | N6: 499 kW | O6: 1 | P6: st | Q6: 2011 | S6: Mach.nr. 1129403202820
A7: 51.11.006 | B7: Kantoor | C7: Provinciehuis | D7: Brabantlaan 1 | E7: s-Hertogenbosch | F7: PH-01-K-K.005 (Ketelhuis) | G7: Warmteopwekking | H7: 51 | I7: 51.11 | J7: warmte-opwekking, lokaal | K7: CV ketel 1 | L7: Novum Oss | M7: Novutherm HRC 1602A | N7: 2000 Kw | O7: 1 | P7: st | Q7: 1998 | R7: SCIOS
A8: 51.11.007 | B8: Kantoor | C8: Provinciehuis | D8: Brabantlaan 1 | E8: s-Hertogenbosch | F8: PH-01-K-K.005 (Ketelhuis) | G8: Warmteopwekking | H8: 51 | I8: 51.11 | J8: warmte-opwekking, lokaal | K8: CV-ketel 2 | L8: Viessmann | M8: Vitocrossal 300 type CI3 | N8: 640 kW | O8: 1 | P8: st | Q8: 2024 | R8: SCIOS
A9: 51.11.008 | B9: Kantoor | C9: Provinciehuis | D9: Brabantlaan 1 | E9: s-Hertogenbosch | F9: PH-01-K-K.005 (Ketelhuis) | G9: Warmteopwekking | H9: 51 | I9: 51.11 | J9: warmte-opwekking, lokaal | K9: CV-ketel 3 | L9: Viessmann | M9: Vitocrossal 300 type CI3 | N9: 640 kW | O9: 1 | P9: st | Q9: 2024 | R9: SCIOS
A10: 51.11.009 | B10: Kantoor | C10: Provinciehuis | D10: Brabantlaan 1 | E10: s-Hertogenbosch | F10: PH-01-K-K.005 (Ketelhuis) | G10: Warmteopwekking | H10: 51 | I10: 51.11 | J10: warmte-opwekking, lokaal | K10: CV-ketel 4 | L10: Viessmann | M10: Vitocrossal 300 type CI3 | N10: 640 kW | O10: 1 | P10: st | Q10: 2024 | R10: SCIOS
A11: 51.11.010 | B11: Bijeenkomst | C11: Het Noordbrabants Museum | D11: Verwersstraat 41 | E11: s-Hertogenbosch | F11: Woonhuis | G11: Warmteopwekking | H11: 51 | I11: 51.11 | J11: warmte-opwekking, lokaal | K11: Ketel woonhuis | L11: Remeha | M11: Avanta 35C | N11: 35kW | O11: 1 | P11: st | Q11: 2011
A12: 51.11.011 | B12: Kantoor | C12: N-gebouw | D12: Brabantlaan 3 | E12: s-Hertogenbosch | F12: PH-02-0-72 (Garage) | G12: Warmteopwekking | H12: 51 | I12: 51.11 | J12: warmte-opwekking, lokaal | K12: luchtverhitters; 0.72 garage | L12: Flaktgroup | M12: GEA Happel type 54122/43K | O12: 2 | P12: st | Q12: 2023
A13: 51.51.001 | B13: Kantoor | C13: Provinciehuis | D13: Brabantlaan 1 | E13: s-Hertogenbosch | F13: PH-01-K-K.005 (Ketelhuis) | G13: Warmteopwekking | H13: 51 | I13: 51.51 | J13: warmte-opwekking, bijzonder, warmtepomp | K13: Warmtepomp WKO systeem | L13: Carrier | M13: 30RW-245-A0191-PE | O13: 1 | P13: st | Q13: 2015 | R13: F-gassen besluit, F-gassen richtlijn EU, EPBD-richtlijn EU, Regeling Energieprestatie, Besluit Energieprestatie. | S13: 2 x 19 kg 407C
A14: 51.51.002 | B14: Kantoor | C14: N-gebouw | D14: Brabantlaan 3 | E14: s-Hertogenbosch | F14: Nieuwbouw - TR BG 0.71 | G14: Warmteopwekking | H14: 51 | I14: 51.51 | J14: warmte-opwekking, bijzonder, warmtepomp | K14: Warmtepomp water-water hoog temperatuur | L14: Western | M14: Tetris W REV OH 15.2 | N14: R410A 13kG | O14: 1 | P14: st | Q14: 2023 | R14: F-gassen besluit, F-gassen richtlijn EU, EPBD-richtlijn EU, Regeling Energieprestatie, Besluit Energieprestatie.
A15: 51.51.003 | B15: Kantoor | C15: N-gebouw | D15: Brabantlaan 3 | E15: s-Hertogenbosch | F15: Nieuwbouw - dak | G15: Warmteopwekking | H15: 51 | I15: 51.51 | J15: warmte-opwekking, bijzonder, warmtepomp | K15: Warmtepomp lucht-water hoogtemperatuur | L15: Western | M15: ZETA REV HP XT 18.4 | N15: R410A | O15: 1 | P15: st | Q15: 2023 | R15: F-gassen besluit, F-gassen richtlijn EU, EPBD-richtlijn EU, Regeling Energieprestatie, Besluit Energieprestatie.
A16: 51.51.004 | B16: Kantoor | C16: N-gebouw | D16: Brabantlaan 3 | E16: s-Hertogenbosch | F16: Nieuwbouw - dak | G16: Warmteopwekking | H16: 51 | I16: 51.51 | J16: warmte-opwekking, bijzonder, warmtepomp | K16: Warmtepomp lucht-water hoogtemperatuur | L16: Western | M16: ZETA REV HP XT 18.4 | N16: R410A | O16: 1 | P16: st | Q16: 2023 | R16: F-gassen besluit, F-gassen richtlijn EU, EPBD-richtlijn EU, Regeling Energieprestatie, Besluit Energieprestatie.
A17: 52.32.001 | B17: Kantoor | C17: Provinciehuis | D17: Brabantlaan 1 | E17: s-Hertogenbosch | F17: PH-03--1-P Oost (Parkeerterrein Oost) | G17: Afvoeren | H17: 52 | I17: 52.32 | J17: afvoeren, afvalwater, bedrijfsafval | K17: Vetput afvoer warme keuken en spoelkeuken | O17: 1 | P17: st | Q17: 2023 | R17: Activiteitenbesluit 3.131, NEN1825-1/2
A18: 52.32.002 | B18: Bijeenkomst | C18: Het Noordbrabants Museum | D18: Verwersstraat 41 | E18: s-Hertogenbosch | F18: NBM | H18: 52 | I18: 52.32 | J18: afvoeren, afvalwater, pompsysteem | K18: Vetvangput NBM | L18: Onbekend | M18: SRC50ZJ-S | N18: Onbekend | O18: 1 | P18: st | Q18: 2011
A19: 52.36.001 | B19: Kantoor | C19: Provinciehuis | D19: Brabantlaan 1 | E19: s-Hertogenbosch | F19: PH-03-0-T Noord (Tuin Noord) | G19: Afvoeren | H19: 52 | I19: 52.36 | J19: afvoeren, afvalwater, pompsysteem | K19: Vuilwaterpomp in put bij oud ijzer ruimte | M19: RW2DRK1215-2NW100X4 | O19: 1 | P19: st | Q19: 1996
A20: 52.36.002 | B20: Kantoor | C20: Provinciehuis | D20: Brabantlaan 1 | E20: s-Hertogenbosch | F20: PH-01-PCC | G20: Afvoeren | H20: 52 | I20: 52.36 | J20: afvoeren, afvalwater, pompsysteem | K20: Vuilwaterpomp in put Bunker | M20: VW1 DRV 68-2 110 | O20: 1 | P20: st | Q20: 2017
A21: 52.36.003 | B21: Kantoor | C21: Provinciehuis | D21: Brabantlaan 1 | E21: s-Hertogenbosch | F21: PH-03--1-P Noord (Parkeerterrein Noord) | G21: Afvoeren | H21: 52 | I21: 52.36 | J21: afvoeren, afvalwater, pompsysteem | K21: Vuilwaterpomp in put garage dienstauto's | M21: RW1 DRV1026-2 NW100X3 | O21: 1 | P21: st | Q21: 2002
A22: 52.36.004 | B22: Kantoor | C22: Provinciehuis | D22: Brabantlaan 1 | E22: s-Hertogenbosch | F22: PH-01-K-K.005 (Ketelhuis) | G22: Afvoeren | H22: 52 | I22: 52.36 | J22: afvoeren, afvalwater, pompsysteem | K22: Vuilwaterpomp in put ketelhuis | M22: VW2 VRD17.5-508 | O22: 1 | P22: st | Q22: 1995
A23: 52.36.005 | B23: Kantoor | C23: Provinciehuis | D23: Brabantlaan 1 | E23: s-Hertogenbosch | F23: PH-01-K-K.012b (Magazijn) | G23: Afvoeren | H23: 52 | I23: 52.36 | J23: afvoeren, afvalwater, pompsysteem | K23: Vuilwaterpomp in put meubelopslag | M23: RW1 DRV66-2 100 2" | O23: 1 | P23: st | Q23: 2007
A24: 52.36.006 | B24: Kantoor | C24: Provinciehuis | D24: Brabantlaan 1 | E24: s-Hertogenbosch | F24: PH-02-0-72 (Garage) | G24: Afvoeren | H24: 52 | I24: 52.36 | J24: afvoeren, afvalwater, pompsysteem | K24: Vuilwaterpomp in put milieugarage | M24: RW2 DRV630-2 VL NW80X3 | O24: 1 | P24: st | Q24: 1994
A25: 52.36.007 | B25: Kantoor | C25: Provinciehuis | D25: Brabantlaan 1 | E25: s-Hertogenbosch | F25: PH-03--1-P West (Parkeerterrein West) | G25: Afvoeren | H25: 52 | I25: 52.36 | J25: afvoeren, afvalwater, pompsysteem | K25: Vuilwaterpomp in straatkolk | M25: VW1 DRV611-2 W 130 | O25: 1 | P25: st | Q25: 2006
A26: 52.36.008 | B26: Bijeenkomst | C26: Design Museum | D26: De Mortel 4 | E26: s-Hertogenbosch | F26: Kelder | H26: 52 | I26: 52.36 | J26: afvoeren, afvalwater, pompsysteem | K26: Vuilwaterpomp TR kelder | L26: Duyvelaar | M26: VW2 DVV76DLC.2 | O26: 1 | P26: st | Q26: 2012
A27: 52.36.009 | B27: Kantoor | C27: Provinciehuis | D27: Brabantlaan 1 | E27: s-Hertogenbosch | G27: Afvoeren | H27: 52 | I27: 52.36 | J27: afvoeren, afvalwater, pompsysteem | K27: Vuilwaterpomp: keuken omroep Brabantn ; -1. Omroep Brabant | L27: Sanibraur | N27: Sani vite 3 | O27: 1 | P27: st
A28: 52.51.001 | B28: Kantoor | C28: Provinciehuis | D28: Brabantlaan 1 | E28: s-Hertogenbosch | F28: PH-03--1-P Noord (Parkeerterrein Noord) | G28: Afvoeren | H28: 52 | I28: 52.51 | J28: afvoeren, speciaal, chemisch verontreinigd afvalwater | K28: Benzine afscheider 2 | O28: 1 | P28: st | R28: Activiteitenbesluit, Milieubeheer 2013, NEN-EN 858
A29: 52.51.002 | B29: Kantoor | C29: Provinciehuis | D29: Brabantlaan 1 | E29: s-Hertogenbosch | F29: PH-03--1-P Noord (Parkeerterrein Noord) | G29: Afvoeren | H29: 52 | I29: 52.51 | J29: afvoeren, speciaal, chemisch verontreinigd afvalwater | K29: Benzine afscheider 3 | O29: 1 | P29: st | R29: Activiteitenbesluit, Milieubeheer 2013, NEN-EN 858
A30: 52.51.003 | B30: Kantoor | C30: Provinciehuis | D30: Brabantlaan 1 | E30: s-Hertogenbosch | F30: PH-03--1-P Noord (Parkeerterrein Noord) | G30: Afvoeren | H30: 52 | I30: 52.51 | J30: afvoeren, speciaal, chemisch verontreinigd afvalwater | K30: Benzine-afscheider 1 | O30: 1 | P30: st | R30: Activiteitenbesluit, Milieubeheer 2013, NEN-EN 858
A31: 53.0.001 | B31: Kantoor | C31: Provinciehuis | D31: Brabantlaan 1 | E31: s-Hertogenbosch | G31: Water | H31: 53 | I31: 53.0 | J31: water; algemeen | K31: Vijver pomp installatie; terrein ; kunstwerk bloeien en stromen | L31: Samengestelde installatie 1x pomp inst 1x waterfilter 1x rotspartij 2x verlichtings spot | M31: Kunst | N31: Water ornament | O31: 1 | P31: st
A32: 53.11.001 | B32: Kantoor | C32: N-gebouw | D32: Brabantlaan 3 | E32: s-Hertogenbosch | F32: PH-02-0-FLEX (Flexwerkplek) | G32: Water | H32: 53 | I32: 53.11 | J32: water, drinkwater, netaansluiting | K32: Drinkwater installatie tappunten Nieuwbouw | O32: 5 | P32: st | R32: Waterleidingwet, Waterleidingbesluit, Arbowet, ISSO 55.1
A33: 53.11.002 | B33: Kantoor | C33: Provinciehuis | D33: Brabantlaan 1 | E33: s-Hertogenbosch | F33: PH-01-Alg. | G33: Water | H33: 53 | I33: 53.11 | J33: water, drinkwater, netaansluiting | K33: Drinkwaterinstallatie tappunten hoofdgebouw | O33: 34 | P33: st | R33: Waterleidingwet, Waterleidingbesluit, Arbowet, ISSO 55.1 | S33: Datum keuringsrapport 15-02 -2018
A34: 53.11.003 | B34: Kantoor | C34: Provinciehuis | D34: Brabantlaan 1 | E34: s-Hertogenbosch | F34: PH-01-PCC | G34: Water | H34: 53 | I34: 53.11 | J34: water, drinkwater, netaansluiting | K34: Keerkleppen | O34: 359 | P34: st | R34: Waterleidingwet, Waterleidingbesluit, Arbowet, ISSO 55.1
A35: 53.11.004 | B35: Kantoor | C35: Provinciehuis | D35: Brabantlaan 1 | E35: s-Hertogenbosch | F35: PH-03--1-P Noord (Parkeerterrein Noord) | G35: Water | H35: 53 | I35: 53.11 | J35: water, drinkwater, netaansluiting | K35: Netaansluiting Brabant water | O35: 1 | P35: st | R35: Waterleidingwet, Waterleidingbesluit, Arbowet, ISSO 55.1
A36: 53.12.001 | B36: Kantoor | C36: Provinciehuis | D36: Brabantlaan 1 | E36: s-Hertogenbosch | F36: PH-03--1-P Noord (Parkeerterrein Noord) | G36: Water | H36: 53 | I36: 53.12 | J36: water, drinkwater, bronaansluiting | K36: WKO provinciehuis hoofdgebouw | O36: 1 | P36: st | R36: Wijzigingsbesluit bodemenergiesystemen
A37: 53.12.002 | B37: Kantoor | C37: N-gebouw | D37: Brabantlaan 3 | E37: s-Hertogenbosch | F37: PH-03--1-P Noord (Parkeerterrein Noord) | G37: Water | H37: 53 | I37: 53.12 | J37: water, drinkwater, bronaansluiting | K37: WKO provinciehuis nieuwbouw | O37: 1 | P37: st | R37: Wijzigingsbesluit bodemenergiesystemen
A38: 53.14.001 | B38: Bijeenkomst | C38: Het Noordbrabants Museum | D38: Verwersstraat 41 | E38: s-Hertogenbosch | F38: BG / Vleugel N | G38: Water | H38: 53 | I38: 53.14 | J38: water, drinkwater, drukverhoging | K38: Hydrofoor | L38: Duyvelaar | M38: HU2 DPVME6/4 C 1x6/4 | O38: 1 | P38: st | Q38: 2011 | S38: Mach.nr. 12607153
A39: 53.14.002 | B39: Kantoor | C39: Griffie | D39: Waterstraat 16 | E39: s-Hertogenbosch | F39: Kelder - Griffie- Waterstraat / W-R01.2 | G39: Water | H39: 53 | I39: 53.14 | J39: water, drinkwater, drukverhoging | K39: Hydrofoor | L39: Duyvelaar | M39: HU2 DPVME/4B | O39: 1 | P39: st | Q39: 2011 | S39: mach.nr. 10195412
A40: 53.14.003 | B40: Kantoor | C40: Provinciehuis | D40: Brabantlaan 1 | E40: s-Hertogenbosch | F40: PH-01-P-P.005 (Ketelhuis) | G40: Water | H40: 53 | I40: 53.14 | J40: water, drinkwater, drukverhoging | K40: Hydrofoor 1 | L40: Duijvelaar | M40: HU3 Premium Line DPV6/8 | O40: 1 | P40: st | Q40: 2022
A41: 53.14.004 | B41: Kantoor | C41: Provinciehuis | D41: Brabantlaan 1 | E41: s-Hertogenbosch | F41: PH-01-P-P.005 (Ketelhuis) | G41: Water | H41: 53 | I41: 53.14 | J41: water, drinkwater, drukverhoging | K41: Hydrofoor 2 | L41: Duijvelaar | M41: HU 2 DPVE10/10B | O41: 1 | P41: st | Q41: 2016 | S41: 2 x pomp
A42: 53.14.005 | B42: Kantoor | C42: Provinciehuis | D42: Brabantlaan 1 | E42: s-Hertogenbosch | F42: PH-01-P-P.005 (Ketelhuis) | G42: Water | H42: 53 | I42: 53.14 | J42: water, drinkwater, drukverhoging | K42: Hydrofoor 3 | L42: Duijvelaar | M42: HU3 Premium Line DPV6/12 | O42: 1 | P42: st | Q42: 2022
A43: 53.14.006 | B43: Kantoor | C43: Provinciehuis | D43: Brabantlaan 1 | E43: s-Hertogenbosch | F43: PH-01-P-P.005 (Ketelhuis) | G43: Water | H43: 53 | I43: 53.14 | J43: water, drinkwater, drukverhoging | K43: Hydrofoor 4 | L43: Duijvelaar | M43: 3 x pomp CRe5-20 | O43: 1 | P43: st | Q43: 2009 | S43: 3 x pomp CRe5-20
A44: 53.14.007 | B44: Kantoor | C44: N-gebouw | D44: Brabantlaan 3 | E44: s-Hertogenbosch | F44: PH-02-0-72 (Garage) | G44: Water | H44: 53 | I44: 53.14 | J44: water, drinkwater, drukverhoging | K44: Hydrofoor Nieuwbouw | L44: Duijvelaar | M44: HU2 Premium Line DPV4/3 | O44: 1 | P44: st | Q44: 2022
A45: 53.21.001 | B45: Kantoor | C45: Provinciehuis | D45: Brabantlaan 1 | E45: s-Hertogenbosch | F45: PH-02-0-27 (Voorbereiding Bodem en Lucht) | G45: Water | H45: 53 | I45: 53.21 | J45: water, verwarmd tapwater, direct verwarmd met voorraad | K45: Boiler 1 in LAB 0.27 BG | L45: Itho Daalderop | M45: 15 liter | O45: 1 | P45: st
A46: 53.21.002 | B46: Kantoor | C46: Provinciehuis | D46: Brabantlaan 1 | E46: s-Hertogenbosch | F46: PH-01-B-B.056 (Spoelkeuken) | G46: Water | H46: 53 | I46: 53.21 | J46: water, verwarmd tapwater, direct verwarmd met voorraad | K46: Boiler 1 spoelkeuken | L46: Itho Daalderop | M46: 150 liter | O46: 1 | P46: st
A47: 53.21.003 | B47: Kantoor | C47: Provinciehuis | D47: Brabantlaan 1 | E47: s-Hertogenbosch | F47: PH-02-0-27 (Voorbereiding Bodem en Lucht) | G47: Water | H47: 53 | I47: 53.21 | J47: water, verwarmd tapwater, direct verwarmd met voorraad | K47: Boiler 2 in LAB 0.27 BG (afgekoppeld) | L47: Itho Daalderop | M47: 15 liter | O47: 1 | P47: st
A48: 53.21.004 | B48: Kantoor | C48: Provinciehuis | D48: Brabantlaan 1 | E48: s-Hertogenbosch | F48: PH-01-B-B.056 (keuken) | G48: Water | H48: 53 | I48: 53.21 | J48: water, verwarmd tapwater, direct verwarmd met voorraad | K48: Boiler 2 keuken | L48: Itho Daalderop | M48: 150 liter | O48: 1 | P48: st | Q48: 2021
A49: 53.21.005 | B49: Kantoor | C49: Provinciehuis | D49: Brabantlaan 1 | E49: s-Hertogenbosch | F49: PH-01-B-B.056 (Spoelkeuken) | G49: Water | H49: 53 | I49: 53.21 | J49: water, verwarmd tapwater, direct verwarmd met voorraad | K49: Boiler 2 spoelkeuken | L49: Itho Daalderop | M49: 150 liter | O49: 1 | P49: st | Q49: 2021
A50: 53.21.006 | B50: Kantoor | C50: Provinciehuis | D50: Brabantlaan 1 | E50: s-Hertogenbosch | F50: PH-01-P-P.157a (Werkplaats fietsen) | G50: Water | H50: 53 | I50: 53.21 | J50: water, verwarmd tapwater, direct verwarmd met voorraad | K50: Boiler fietsenwerkplaats | L50: Itho Daalderop | M50: 50 liter | O50: 1 | P50: st
A51: 53.21.007 | B51: Kantoor | C51: Provinciehuis | D51: Brabantlaan 1 | E51: s-Hertogenbosch | F51: PH-02-0-14 (Calibratie ruimte) | G51: Water | H51: 53 | I51: 53.21 | J51: water, verwarmd tapwater, direct verwarmd met voorraad | K51: Boiler in Calibratieruimte BG | L51: Itho Daalderop | M51: 15 liter | O51: 1 | P51: st
A52: 53.21.008 | B52: Kantoor | C52: Provinciehuis | D52: Brabantlaan 1 | E52: s-Hertogenbosch | F52: PH-02-0-46 (Berging) | G52: Water | H52: 53 | I52: 53.21 | J52: water, verwarmd tapwater, direct verwarmd met voorraad | K52: Boiler in werkkast berging | L52: Itho Daalderop | M52: 15 liter | O52: 1 | P52: st
A53: 53.21.009 | B53: Kantoor | C53: Provinciehuis | D53: Brabantlaan 1 | E53: s-Hertogenbosch | F53: PH-02-0-67 (Invalidentoilet) | G53: Water | H53: 53 | I53: 53.21 | J53: water, verwarmd tapwater, direct verwarmd met voorraad | K53: Boiler invalidentoilet en douches BG (boven plafond) | L53: Itho Daalderop | M53: 150 liter | O53: 1 | P53: st
A54: 53.21.010 | B54: Kantoor | C54: Provinciehuis | D54: Brabantlaan 1 | E54: s-Hertogenbosch | F54: PH-01-K-K.005 (Ketelhuis) | G54: Water | H54: 53 | I54: 53.21 | J54: water, verwarmd tapwater, direct verwarmd met voorraad | K54: Boiler ketelhuis | L54: Itho Daalderop | M54: 150 liter | O54: 1 | P54: st
A55: 53.21.011 | B55: Kantoor | C55: Provinciehuis | D55: Brabantlaan 1 | E55: s-Hertogenbosch | F55: PH-01-B-B.116 (Koffiebar) | G55: Water | H55: 53 | I55: 53.21 | J55: water, verwarmd tapwater, direct verwarmd met voorraad | K55: Close-in boiler 1 koffiebar hal | L55: Itho Daalderop | M55: 15 liter | O55: 1 | P55: st
A56: 53.21.012 | B56: Kantoor | C56: Provinciehuis | D56: Brabantlaan 1 | E56: s-Hertogenbosch | F56: PH-01-B-B.116 (Koffiebar) | G56: Water | H56: 53 | I56: 53.21 | J56: water, verwarmd tapwater, direct verwarmd met voorraad | K56: Close-in boiler 2 koffiebar hal | L56: Itho Daalderop | M56: 15 liter | O56: 1 | P56: st
A57: 53.21.013 | B57: Kantoor | C57: Provinciehuis | D57: Brabantlaan 1 | E57: s-Hertogenbosch | F57: PH-01-P-P.036 (Dienstenplein) | G57: Water | H57: 53 | I57: 53.21 | J57: water, verwarmd tapwater, direct verwarmd met voorraad | K57: Close-in boiler dienstenplein | L57: Itho Daalderop | M57: 15 liter | O57: 1 | P57: st
A58: 53.21.014 | B58: Kantoor | C58: Provinciehuis | D58: Brabantlaan 1 | E58: s-Hertogenbosch | F58: PH-01-B-B.042 (Catering) | G58: Water | H58: 53 | I58: 53.21 | J58: water, verwarmd tapwater, direct verwarmd met voorraad | K58: Close-in boiler in cateringruimte culturele kavel | L58: Itho Daalderop | M58: 15 liter | O58: 1 | P58: st
A59: 53.21.015 | B59: Kantoor | C59: Provinciehuis | D59: Brabantlaan 1 | E59: s-Hertogenbosch | F59: PH-01-11-11.004 (Pantry) | G59: Water | H59: 53 | I59: 53.21 | J59: water, verwarmd tapwater, direct verwarmd met voorraad | K59: Close-in Boiler in facilitaire unit verdieping 11 | L59: Itho Daalderop | M59: 15 liter | O59: 1 | P59: st
A60: 53.21.016 | B60: Kantoor | C60: Provinciehuis | D60: Brabantlaan 1 | E60: s-Hertogenbosch | F60: PH-01-14-14.004 (Pantry) | G60: Water | H60: 53 | I60: 53.21 | J60: water, verwarmd tapwater, direct verwarmd met voorraad | K60: Close-in Boiler in facilitaire unit verdieping 14 | L60: Itho Daalderop | M60: 15 liter | O60: 1 | P60: st
A61: 53.21.017 | B61: Kantoor | C61: Provinciehuis | D61: Brabantlaan 1 | E61: s-Hertogenbosch | F61: PH-01-17-17.004 (Pantry) | G61: Water | H61: 53 | I61: 53.21 | J61: water, verwarmd tapwater, direct verwarmd met voorraad | K61: Close-in Boiler in facilitaire unit verdieping 17 | L61: Itho Daalderop | M61: 15 liter | O61: 1 | P61: st
... A84: 53.21.040 | B84: Kantoor | C84: Provinciehuis | D84: Brabantlaan 1 | E84: s-Hertogenbosch | F84: PH-01-23-23.094 (Roosterruimte) | G84: Water | H84: 53 | I84: 53.21 | J84: water, verwarmd tapwater, direct verwarmd met voorraad | K84: Close-up Boiler verdieping 23 | L84: Itho Daalderop | M84: 15 liter | O84: 1 | P84: st
A85: 53.21.041 | B85: Kantoor | C85: Provinciehuis | D85: Brabantlaan 1 | E85: s-Hertogenbosch | G85: Water | H85: 53 | I85: 53.21 | J85: water, verwarmd tapwater, direct verwarmd met voorraad | K85: Warmtapwaterpomp; -1.055 circulatie pomp warmwater | L85: Grundfos | N85: Magna 3 32-80 180 | O85: 1 | P85: st
A86: 53.24.001 | B86: Kantoor | C86: Provinciehuis | D86: Brabantlaan 1 | E86: s-Hertogenbosch | G86: Water | H86: 53 | I86: 53.24 | J86: water, verwarmd tapwater, direct verwarmd met voorraad | K86: Boiler (elektrisch) 30 ltr AB; -3 kantine | L86: Daalderop | N86: Mono plus koper | O86: 1 | P86: st
A87: 53.27.001 | B87: Kantoor | C87: Provinciehuis | D87: Brabantlaan 1 | E87: s-Hertogenbosch | G87: Water | H87: 53 | I87: 53.27 | J87: water, verwarmd tapwater, doorstroom, indirect verwarmd | K87: Koudwater installatie | O87: 1 | P87: st | R87: Waterleidingwet, Waterleidingbesluit, Arbowet, ISSO 55.1
A88: 53.27.002 | B88: Kantoor | C88: Provinciehuis | D88: Brabantlaan 1 | E88: s-Hertogenbosch | G88: Water | H88: 53 | I88: 53.27 | J88: water, verwarmd tapwater, doorstroom, indirect verwarmd | K88: Meng- en aftap-kranen | O88: 39 | P88: st | R88: Waterleidingwet, Waterleidingbesluit, Arbowet, ISSO 55.1
A89: 53.35.001 | B89: Kantoor | C89: Provinciehuis | D89: Brabantlaan 1 | E89: s-Hertogenbosch | F89: PH-01-P-P.005 (Ketelhuis) | G89: Water | H89: 53 | I89: 53.35 | J89: water, bedrijfswater, zwembad-watersysteem | K89: Grijswater installatie | L89: Lubron | M89: es2050 | O89: 1 | P89: st | Q89: 1998 | S89: incl. 4 buffervaten van 1000L (1x stookruimte, 3x miva-toilet op de 23e verdieping.)
A90: 53.5.001 | B90: Bijeenkomst | C90: Het Noordbrabants Museum | D90: Verwersstraat 41 | E90: s-Hertogenbosch | F90: 1e verdieping | G90: Water | H90: 53 | I90: 53.5 | J90: water; waterbehandeling | K90: Osmose-installatie | L90: Geveke | M90: pure 20 | O90: 1 | P90: st | Q90: 2012
A91: 53.5.002 | B91: Bijeenkomst | C91: Design Museum | D91: De Mortel 4 | E91: s-Hertogenbosch | F91: 2e verdieping / S.2.05 | G91: Water | H91: 53 | I91: 53.5 | J91: water; waterbehandeling | K91: Osmose-installatie | L91: Geveke | M91: pure 10 | O91: 1 | P91: st | Q91: 2012
A92: 53.5.003 | B92: Kantoor | C92: Griffie | D92: Waterstraat 16 | E92: s-Hertogenbosch | F92: Kelder - Griffie- Waterstraat / W-R01.2 | G92: Water | H92: 53 | I92: 53.5 | J92: water; waterbehandeling | K92: Osmose-installatie | L92: Geveke | M92: pure Mini 05 | O92: 1 | P92: st | Q92: 2011 | S92: Mach. Nr. 200579
A93: 53.5.004 | B93: Bijeenkomst | C93: Het Noordbrabants Museum | D93: Verwersstraat 41 | E93: s-Hertogenbosch | F93: Kelder - Quist / P.K.01 | G93: Water | H93: 53 | I93: 53.5 | J93: water; waterbehandeling | K93: Osmose-installatie | L93: Geveke | M93: pure 20 | O93: 1 | P93: st | Q93: 2012
A94: 53.5.005 | B94: Bijeenkomst | C94: Het Noordbrabants Museum | D94: Verwersstraat 41 | E94: s-Hertogenbosch | F94: Kelder - Paleis - Quist | G94: Water | H94: 53 | I94: 53.5 | J94: water; waterbehandeling | K94: Osmose-installatie | L94: Geveke | M94: pure mini 10 | O94: 1 | P94: st | Q94: 2012
A95: 53.5.006 | B95: Bijeenkomst | C95: Het Noordbrabants Museum | D95: Verwersstraat 41 | E95: s-Hertogenbosch | F95: 2e verdieping - Paleis / P.2.01 TR | G95: Water | H95: 53 | I95: 53.5 | J95: water; waterbehandeling | K95: Osmose-installatie (Paleis/quest) | L95: Geveke | M95: Pure 10 | O95: 1 | P95: st | Q95: 2013 | S95: Mach.nr 201173
A96: 53.5.007 | B96: Kantoor | C96: Provinciehuis | D96: Brabantlaan 1 | E96: s-Hertogenbosch | G96: Water | H96: 53 | I96: 53.5 | J96: water; waterbehandeling | K96: Reversed Osmose installatie serverruimte | L96: BWT | M96: BWT 16 ROC | O96: 1 | P96: st | Q96: 2021
A97: 53.50.001 | B97: Bijeenkomst | C97: Het Noordbrabants Museum | D97: Verwersstraat 41 | E97: s-Hertogenbosch | F97: 1e verdieping | G97: Water | H97: 53 | I97: 53.50 | J97: water, waterbehandeling, algemeen (verzamelniveau) | K97: Waterontharder | L97: Geveke | M97: soft 010 D Duplex | O97: 1 | P97: st | Q97: 2011
A98: 53.50.002 | B98: Bijeenkomst | C98: Het Noordbrabants Museum | D98: Verwersstraat 41 | E98: s-Hertogenbosch | F98: 2e verdieping - Paleis - Quist / P.2.01 TR | G98: Water | H98: 53 | I98: 53.50 | J98: water, waterbehandeling, algemeen (verzamelniveau) | K98: Waterontharder | L98: Geveke | M98: soft 010 D Duplex | O98: 1 | P98: st | Q98: 2012
A99: 53.50.003 | B99: Bijeenkomst | C99: Design Museum | D99: De Mortel 4 | E99: s-Hertogenbosch | F99: 2e verdieping / S.2.05 | G99: Water | H99: 53 | I99: 53.50 | J99: water, waterbehandeling, algemeen (verzamelniveau) | K99: Waterontharder | L99: Geveke | M99: soft 010 D Duplex | O99: 1 | P99: st | Q99: 2012
A100: 53.50.004 | B100: Kantoor | C100: Provinciehuis | D100: Brabantlaan 1 | E100: s-Hertogenbosch | F100: PH-01-P-P.005 (Ketelhuis) | G100: Water | H100: 53 | I100: 53.50 | J100: water, waterbehandeling, algemeen (verzamelniveau) | K100: Waterontharder Hydrofoor 2 | L100: Lubron | O100: 1 | P100: st | Q100: 2023
A101: 53.50.005 | B101: Kantoor | C101: Provinciehuis | D101: Brabantlaan 1 | E101: s-Hertogenbosch | F101: PH-01-P-P.005 (Ketelhuis) | G101: Water | H101: 53 | I101: 53.50 | J101: water, waterbehandeling, algemeen (verzamelniveau) | K101: Waterontharder Hydrofoor 3 | L101: Lubron | O101: 1 | P101: st | Q101: 2023
A102: 54.11.001 | B102: Kantoor | C102: Provinciehuis | D102: Brabantlaan 1 | E102: s-Hertogenbosch | F102: PH-01-P-P.005 (Ketelhuis) | G102: Gassen | H102: 54 | I102: 54.11 | J102: gassen, brandstof, aardgasvoorziening | K102: Gasleiding CV-ketels (scope 7a) | M102: 100 meter DN100 | O102: 1 | P102: st | Q102: 2024 | R102: SCIOS Scope 7a/7b
A103: 54.27.001 | B103: Kantoor | C103: Provinciehuis | D103: Brabantlaan 1 | E103: s-Hertogenbosch | F103: PH-01-K-K.005 (Ketelhuis) | G103: Gassen | H103: 54 | I103: 54.27 | J103: gassen, perslucht en vacuüm, vacuümvoorziening | K103: Compressor 1 Ketelhuis | L103: Grassair | M103: BL55A / 250 YD | O103: 1 | P103: st | Q103: 2009 | S103: 30M3/uur 10 Bar
A104: 54.27.002 | B104: Kantoor | C104: Provinciehuis | D104: Brabantlaan 1 | E104: s-Hertogenbosch | F104: PH-01-K-K.005 (Ketelhuis) | G104: Gassen | H104: 54 | I104: 54.27 | J104: gassen, perslucht en vacuüm, vacuümvoorziening | K104: Compressor 2 Ketelhuis | L104: Grassair | M104: BL55A / 250 YD | O104: 1 | P104: st | Q104: 2009 | S104: 30M3/uur 10 Bar
A105: 55.10.019 | B105: Bijeenkomst | C105: Design Museum | D105: De Mortel 4 | E105: s-Hertogenbosch | F105: Kelder / TR kelder | G105: Koude-opwekking | H105: 55 | I105: 55.10 | J105: koeling; lokaal, algemeen (verzamelniveau) | K105: Vloeistoffilter 1 | L105: Eriks | M105: Fig. 1019 | O105: 1 | P105: st | Q105: 2013
A106: 55.10.001 | B106: Bijeenkomst | C106: Het Noordbrabants Museum | D106: Verwersstraat 41 | E106: s-Hertogenbosch | F106: kelder | G106: Koude-opwekking | H106: 55 | I106: 55.10 | J106: koeling; lokaal, algemeen (verzamelniveau) | K106: Transportpomp 2 koudwatermachine | L106: Grundfos | M106: TP100-240 | O106: 1 | P106: st | Q106: 2012
A107: 55.10.002 | B107: Kantoor | C107: Provinciehuis | D107: Brabantlaan 1 | E107: Provinciehuis | F107: Datacenter | G107: Koude-opwekking | H107: 55 | I107: 55.10 | J107: koeling; lokaal, algemeen (verzamelniveau) | K107: Splitunit | L107: Carrier | M107: 42NH649C-STD | O107: 1 | P107: st | Q107: 2022 | R107: F-gassen besluit, F-gassen richtlijn EU, EPBD-richtlijn EU, Regeling Energieprestatie, Besluit Energieprestatie.
A108: 55.10.003 | B108: Bijeenkomst | C108: Het Noordbrabants Museum | D108: Verwersstraat 41 | E108: s-Hertogenbosch | F108: 2e verdieping - Paleis - Quist / spetterlab | G108: Koude-opwekking | H108: 55 | I108: 55.10 | J108: koeling; lokaal, algemeen (verzamelniveau) | K108: Splitairco spetterlab | L108: Mitsubishi Heavy In | M108: SRC71-ZR-W | N108: C=7,1kW H=8kW | O108: 1 | P108: st | Q108: 2023
A109: 55.10.004 | B109: Bijeenkomst | C109: Het Noordbrabants Museum | D109: Verwersstraat 41 | E109: s-Hertogenbosch | F109: BG / serverruimte | G109: Koude-opwekking | H109: 55 | I109: 55.10 | J109: koeling; lokaal, algemeen (verzamelniveau) | K109: Split unit serverruimte BG NBM | L109: Mitsubishi | M109: SRC50ZJ-S | N109: 1,7kg/R410a | O109: 1 | P109: st | Q109: 2012 | S109: Mach nr 120114-04
A110: 55.10.005 | B110: Bijeenkomst | C110: Het Noordbrabants Museum | D110: Verwersstraat 41 | E110: s-Hertogenbosch | F110: 1e verdieping / serverruimte | G110: Koude-opwekking | H110: 55 | I110: 55.10 | J110: koeling; lokaal, algemeen (verzamelniveau) | K110: Split unit serverruimte 1e | L110: Mitsubishi | M110: SRC50ZJ-S | N110: 1,55kg/R410a | O110: 1 | P110: st | Q110: 2012 | S110: Mach nr 120114-03
A111: 55.10.006 | B111: Bijeenkomst | C111: Het Noordbrabants Museum | D111: Verwersstraat 41 | E111: s-Hertogenbosch | F111: 1e verdieping / Serverruimte | G111: Koude-opwekking | H111: 55 | I111: 55.10 | J111: koeling; lokaal, algemeen (verzamelniveau) | K111: Split unit serverruimte 1e | L111: Mitsubishi Heavy | M111: SRK50-ZS-W/SRC50ZS-W | N111: C: 5kW H:5,8kW | O111: 1 | P111: st | Q111: 2023
A112: 55.10.007 | B112: Bijeenkomst | C112: Het Noordbrabants Museum | D112: Verwersstraat 41 | E112: s-Hertogenbosch | F112: 1e verdieping / Ketelhuis | G112: Koude-opwekking | H112: 55 | I112: 55.10 | J112: koeling; lokaal, algemeen (verzamelniveau) | K112: Platenwisselaar koelplafond | L112: onbekend | M112: onbekend | N112: onbekend | O112: 1 | P112: st | Q112: 2011
A113: 55.10.008 | B113: Bijeenkomst | C113: Design Museum | D113: De Mortel 4 | E113: s-Hertogenbosch | F113: Kelder / TR kelder | G113: Koude-opwekking | H113: 55 | I113: 55.10 | J113: koeling; lokaal, algemeen (verzamelniveau) | K113: Expansievat > 50 ltr (koeling) | L113: Flexcon Premium | M113: 50 liter / 1,5 bar | O113: 1 | P113: st | Q113: 2013
A114: 55.10.009 | B114: Bijeenkomst | C114: Het Noordbrabants Museum | D114: Verwersstraat 41 | E114: s-Hertogenbosch | F114: Dak | G114: Koude-opwekking | H114: 55 | I114: 55.10 | J114: koeling; lokaal, algemeen (verzamelniveau) | K114: Drycooler 4 | L114: Alfa Laval | M114: 8DDL 803C | O114: 1 | P114: st | Q114: 2012 | S114: Serie BDD/BDD6 - Double Fan Row
A115: 55.10.010 | B115: Bijeenkomst | C115: Het Noordbrabants Museum | D115: Verwersstraat 41 | E115: s-Hertogenbosch | F115: Dak | G115: Koude-opwekking | H115: 55 | I115: 55.10 | J115: koeling; lokaal, algemeen (verzamelniveau) | K115: Drycooler 4 | L115: Alfa Laval | M115: 8DDL 803C | O115: 1 | P115: st | Q115: 2013 | S115: Serie BDD/BDD6 - Double Fan Row
A116: 55.10.011 | B116: Bijeenkomst | C116: Het Noordbrabants Museum | D116: Verwersstraat 41 | E116: s-Hertogenbosch | F116: Dak | G116: Koude-opwekking | H116: 55 | I116: 55.10 | J116: koeling; lokaal, algemeen (verzamelniveau) | K116: Drycooler 3 | L116: Alfa Laval | M116: 8DDL 803C | O116: 1 | P116: st | Q116: 2012 | S116: Serie BDD/BDD6 - Double Fan Row
A117: 55.10.012 | B117: Bijeenkomst | C117: Het Noordbrabants Museum | D117: Verwersstraat 41 | E117: s-Hertogenbosch | F117: Dak | G117: Koude-opwekking | H117: 55 | I117: 55.10 | J117: koeling; lokaal, algemeen (verzamelniveau) | K117: Drycooler 3 | L117: Alfa Laval | M117: 8DDL 803C | O117: 1 | P117: st | Q117: 2013 | S117: Serie BDD/BDD6 - Double Fan Row
A118: 55.10.013 | B118: Bijeenkomst | C118: Het Noordbrabants Museum | D118: Verwersstraat 41 | E118: s-Hertogenbosch | F118: Dak | G118: Koude-opwekking | H118: 55 | I118: 55.10 | J118: koeling; lokaal, algemeen (verzamelniveau) | K118: Drycooler 2 | L118: Alfa Laval | M118: 8DDL 803C | O118: 1 | P118: st | Q118: 2012 | S118: Serie BDD/BDD6 - Double Fan Row
A119: 55.10.014 | B119: Bijeenkomst | C119: Het Noordbrabants Museum | D119: Verwersstraat 41 | E119: s-Hertogenbosch | F119: Dak | G119: Koude-opwekking | H119: 55 | I119: 55.10 | J119: koeling; lokaal, algemeen (verzamelniveau) | K119: Drycooler 2 | L119: Alfa Laval | M119: 8DDL 803C | O119: 1 | P119: st | Q119: 2013 | S119: Serie BDD/BDD6 - Double Fan Row
A120: 55.10.015 | B120: Bijeenkomst | C120: Het Noordbrabants Museum | D120: Verwersstraat 41 | E120: s-Hertogenbosch | F120: Dak | G120: Koude-opwekking | H120: 55 | I120: 55.10 | J120: koeling; lokaal, algemeen (verzamelniveau) | K120: Drycooler 1 | L120: Alfa Laval | M120: 8DDL 803C | O120: 1 | P120: st | Q120: 2012 | S120: Serie BDD/BDD6 - Double Fan Row
A121: 55.10.016 | B121: Bijeenkomst | C121: Het Noordbrabants Museum | D121: Verwersstraat 41 | E121: s-Hertogenbosch | F121: Dak | G121: Koude-opwekking | H121: 55 | I121: 55.10 | J121: koeling; lokaal, algemeen (verzamelniveau) | K121: Drycooler 1 | L121: Alfa Laval | M121: 8DDL 803C | O121: 1 | P121: st | Q121: 2013 | S121: Serie BDD/BDD6 - Double Fan Row
A122: 55.10.017 | B122: Bijeenkomst | C122: Design Museum | D122: De Mortel 4 | E122: s-Hertogenbosch | F122: Kelder / kelder SMS | G122: Koude-opwekking | H122: 55 | I122: 55.10 | J122: koeling; lokaal, algemeen (verzamelniveau) | K122: Drukvat vloerkoeling NBM | L122: Flamco | M122: Flexcon | N122: onbekend | O122: 1 | P122: st | Q122: 2021
...

Sheet B calc schema
B1: =Inschrijfbiljet!A1 -> Inschrijfformulieren provincie Noord-Brabant
A3: Calculatieschema en uurtarieven voor onderhoud
A4: Voor verrekenbaar correctief onderhoud en regie werkzaamheden op afroep
C6: Inschrijver: | E6: =Inschrijfbiljet!E4 -> 0
A8: De inschrijver verklaart de verrekenbare correctieve onderhoudswerkzaamheden
A9: en regie werkzaamheden op afroep ten behoeve van de te onderhouden installaties, conform de bepalingen
A10: in het beschrijvend document te zullen uitvoeren op basis van onderstaand calculatieschema en uurtarieven:
A13: 1) | B13: Calculatieschema
B14: • | C14: Netto materiaalprijs | G14: € | H14: A
B15: • | C15: Toeslag op groot materiaal: > € 1.000,00 | G15: % € | H15: A1 | CB15: =5000*(1+(F15/100)*EXP(50*((F15/100)-0.01))) -> 5000
C16: Toeslag op klein materiaal: < € 1.000,00 | G16: % € | H16: A2 | CB16: =2500*(1+(F16/100)*EXP(50*((F16/100)-0.01))) -> 2500
G17: € | H17: A1 + A2 = | I17: X
B18: Werk derden: | G18: € | H18: B
B19: Toeslag op werk derden: | G19: % € | H19: C | CB19: =10000*(1+(F19/100)*EXP(50*((F19/100)-0.01))) -> 10000
G20: € | H20: B + C = | I20: Y
B21: Lonen: Manuren a) x manuurtarief 2): | I21: Z
B22: Totaalbedrag incl. projectleiding, werkvoorbereiding, calculatie, engineering, aanleveren revisiegegevens en winst & risico
I23: X + Y + Z | CB23: =SUM(CB40:CB42,CB35:CB38,CB19,CB15:CB16) -> 17500
B25: a) | C25: Voor de calculatie van manuren zal waar mogelijk worden uitgegaan van de UNETO-normen, resp. Gustav Ende
C26: met de volgende correctiefactoren:
C27: • UNETO x | D27: 1
C28: • G.E. x | D28: 1
A30: 2) | B30: Manuurtarieven voor onderhoud:
B31: MANUURTARIEVEN
F32: Werkdagen | G32: Werkdagen | H32: Werkdagen | I32: Zon- en
F33: 7.00 - 19.00 | G33: 19.00 - 24:00 | H33: 's nachts + | I33: feest-
F34: uur | G34: uur | H34: zaterdagen | I34: dagen
B35: • | C35: Servicemonteur / technicus E | G35: Tarief + 25% | H35: Tarief + 50% | I35: Tarief + 75% | CB35: =500*(F35*EXP(0.04*(F35-60))) -> 0
B36: • | C36: Servicemonteur / technicus W | G36: Tarief + 25% | H36: Tarief + 50% | I36: Tarief + 75% | CB36: =500*(F36*EXP(0.04*(F36-60))) -> 0
B37: • | C37: Monteur / technicus E | G37: Tarief + 25% | H37: Tarief + 50% | I37: Tarief + 75% | CB37: =500*(F37*EXP(0.04*(F37-60))) -> 0
B38: • | C38: Monteur / technicus W | G38: Tarief + 25% | H38: Tarief + 50% | I38: Tarief + 75% | CB38: =500*(F38*EXP(0.04*(F38-60))) -> 0
B39: • | C39: Servicespecialist
C40: – Stookinstallaties | G40: Tarief + 25% | H40: Tarief + 50% | I40: Tarief + 75% | CB40: =200*(F40*EXP(0.04*(F40-60))) -> 0
C41: – Koeltechniek | G41: Tarief + 25% | H41: Tarief + 50% | I41: Tarief + 75% | CB41: =200*(F41*EXP(0.04*(F41-60))) -> 0
B42: • | C42: Installatieverantwoordelijke | G42: Tarief + 25% | H42: Tarief + 50% | I42: Tarief + 75% | CB42: =100*(F42*EXP(0.04*(F42-60))) -> 0
B44: Alle bedragen zijn exclusief btw.
B45: Voorrijkosten, reisuren en reiskosten zijn niet verrekenbaar, doch in de tarieven inbegrepen.
A48: Gedaan te | D48: =Inschrijfbiljet!D35 -> 0 | F48: datum: | G48: =Inschrijfbiljet!H35 -> 0
A50: De inschrijver, | D50: =Inschrijfbiljet!D37:G37 -> 0
A52: Handtekening: | H52: Firmastempel:

Sheet C calc schema proj
B1: =Inschrijfbiljet!A1 -> Inschrijfformulieren provincie Noord-Brabant
A3: Calculatieschema en uurtarieven voor projecten e.d. tot € 150.000
D4: Voor projecten, uitbreidingen en wijzigingen
C6: Inschrijver: | E6: =Inschrijfbiljet!E4:H4 -> 0
A8: De inschrijver verklaart klussen, projecten, modificaties, enz. welke op basis van offerte met open begroting zullen worden gegund,
A9: aan te zullen bieden op basis van onderstaand calculatieschema en uurtarieven. Zij verklaart dit schema en uurtarieven
A10: bovendien als maximum te zullen hanteren bij aanbestedingen boven € 150.000.
A12: 1) | B12: Calculatieschema
B13: • | C13: Netto materiaalprijs | G13: € | H13: A
B14: • | C14: Toeslag op groot materiaal: > € 1.000,00 | G14: % € | H14: A1 | CC14: =5000*(1+(F14/100)*EXP(50*((F14/100)-0.01))) -> 5000
C15: Toeslag op klein materiaal: < € 1.000,00 | G15: % € | H15: A2 | CC15: =3000*(1+(F15/100)*EXP(50*((F15/100)-0.01))) -> 3000
G16: € | H16: A1 + A2 = | I16: X
B17: Werk derden: | G17: € | H17: B
B18: Toeslag op werk derden: | G18: % € | H18: C | CC18: =5000*(1+(F18/100)*EXP(50*((F18/100)-0.01))) -> 5000
G19: € | H19: B + C = | I19: Y
B20: Lonen: uren a) x tarief betreffende monteur / technicus en of specialist | I20: Z
B21: Subtotaal exclusief eventuele engineering | I21: X + Y + Z
B22: Toeslag voor engineering / ontwerp b) | I22: F
B23: Totaalbedrag incl. projectleiding, werkvoorbereiding, calculatie, revisietek en winst & risico
I24: X+Y+Z+F | CC24: =CC14+CC15+CC18+CC38*CC30+CC39*CC30+CC40*CC29+CC41*CC29 -> 13000 | CD24: =CC24*CF30 -> 13000
B26: a) | C26: Voor de calculatie van manuren zal waar mogelijk | F26: b) toeslag voor engineering / ontwerp:
C27: worden uitgegaan van de UNETO-normen, | F27: Bij volledig uitgewerkte uitvraag | I27: % | CD27: =H27%+1 -> 1 | CF27: =(1+(H27/100)*EXP(50*((H27/100)-0.1))) -> 1
C28: resp. Gustav Ende met de volgende correctiefactoren: | F28: Bij een uitvraag obv richtlijnen | I28: % | CD28: =H28%+1 -> 1 | CF28: =(1+(H28/100)*EXP(50*((H28/100)-0.08))) -> 1
C29: • UNETO x | F29: Bij volledige engineering door inschrijver | I29: % | CC29: =D29 -> 0 | CD29: =H29%+1 -> 1 | CF29: =(1+(H29/100)*EXP(50*((H29/100)-0.06))) -> 1
C30: • G.E. x | CC30: =D30 -> 0 | CD30: =SUM(CD27:CD29) -> 3 | CE30: =CD30/3 -> 1 | CF30: =SUM(CF27:CF29)/3 -> 1
A33: 2) | B33: Manuurtarieven voor projecten e.d.:
B34: MANUURTARIEVEN
F35: Werkdagen | G35: Werkdagen | H35: Werkdagen | I35: Zon- en
F36: 8.00 - 17.00 | G36: 17.00 - 24.00 | H36: 's nachts + | I36: feest-
F37: uur | G37: uur | H37: zaterdagen | I37: dagen
B38: • | C38: Monteur / technicus E | G38: Tarief + 25% | H38: Tarief + 50% | I38: Tarief + 75% | CC38: =500*(F38*EXP(0.04*(F38-60))) -> 0
B39: • | C39: Monteur / technicus W | G39: Tarief + 25% | H39: Tarief + 50% | I39: Tarief + 75% | CC39: =500*(F39*EXP(0.04*(F39-60))) -> 0
B40: • | C40: Specialist E technische installaties | G40: Tarief + 25% | H40: Tarief + 50% | I40: Tarief + 75% | CC40: =500*(F40*EXP(0.04*(F40-60))) -> 0
B41: • | C41: Specialist W technische installaties | G41: Tarief + 25% | H41: Tarief + 50% | I41: Tarief + 75% | CC41: =500*(F41*EXP(0.04*(F41-60))) -> 0
B43: Alle bedragen zijn exclusief btw.
B44: Voorrijkosten, reisuren en reiskosten zijn niet verrekenbaar, doch in de tarieven inbegrepen.
A47: Gedaan te | D47: =Inschrijfbiljet!D35:F35 -> 0 | F47: datum: | G47: =Inschrijfbiljet!H35 -> 0
A49: De inschrijver,
D50: =Inschrijfbiljet!D37:G37 -> 0
A51: Handtekening: | H51: Firmastempel:

Sheet D voorst subco
B3: =Inschrijfbiljet!A1 -> Inschrijfformulieren provincie Noord-Brabant
B5: Voorstel onderaannemers
B7: Inschrijver: | D7: =Inschrijfbiljet!E4 -> 0
B11: Installatie / Installatiedeel | E11: Onderaannemer
E12: Naam | H12: Plaats
A39: Gedaan te | C39: =Inschrijfbiljet!D35 -> 0 | G39: datum: | H39: =Inschrijfbiljet!H35 -> 0
A41: De inschrijver, | C41: =Inschrijfbiljet!D37 -> 0
A43: Handtekening: | G43: Firmastempel:

Sheet Rekenblad
B2: Weging | F2: Weging
B3: 1 | C3: Kosten vanuit verzamelblad per gebouw (Totaal) | D3: =Inschrijfbiljet!H18 -> 0 | E3: = | F3: =D3*B3 -> 0
B4: ,2 | C4: Inschrijving (op basis van berekening calculatieschema B) | D4: =('B calc schema'!CB23/100000)*D3 -> 0 | E4: = | F4: =D4*B4 -> 0
B5: ,2 | C5: Inschrijving (op basis van berekening calculatieschema proj. C) | D5: =('C calc schema proj'!CD24)/100000*D3 -> 0 | E5: = | F5: =D5*B5 -> 0
C7: Totaal 'gewogen' inschrijving incl. B&C | D7: =SUM(F3:F5) -> 0

Sheet Draaitabel
B3: Som van kosten prev OH | C3: Kolomlabels
B4: Rijlabels | C4: 0 | D4: 51 | E4: 52 | F4: 53 | G4: 54 | H4: 55 | I4: 56 | J4: 57 | K4: 59 | L4: 61 | M4: 62 | N4: 63 | O4: 64 | P4: 65 | Q4: Eindtotaal
B5: Provinciehuis
B6: N-gebouw
B7: Het Noordbrabants Museum
B8: Griffie
B9: Design Museum
B10: Eindtotaal
